 Dungeon Crawl Stone Soup version 0.31.0-9-g3a7656b989 (webtiles) character file.

Game seed: 2209137603174760122

373 qw the Ducker (level 6, -6/30 HPs)
             Began as a Spriggan Hunter on Feb 2, 2024.
             Killed by divine providence
             ... invoked by an orc priest
              (12 damage)
             ... on level 4 of the Dungeon.
             The game lasted 00:00:08 (2882 turns).

qw the Ducker (Spriggan Hunter)                     Turns: 2882, Time: 00:00:09

Health: -6/30      AC:  4    Str:  7    XL:     6   Next: 43%
Magic:  7/7        EV: 21    Int: 11    God:
Gold:   183        SH:  0    Dex: 20    Spells: 5/5 levels left

rFire   . . .        a - +2 shortbow
rCold   . . .        (shield currently unavailable)
rNeg    . . .        c - +0 robe
rPois   .            (helmet restricted)
rElec   .            g - +1 cloak
rCorr   .            (gloves unavailable)
SInv    +            (boots unavailable)
Will    +....        (no amulet)
Stlth   ++           (no ring)
HPRegen 0.25/turn    (no ring)
MPRegen 0.10/turn

%: no passive effects
@: very quick
A: very small, no large weapons, unfitting armour, see invisible, speed 3
a: no special abilities


You were on level 4 of the Dungeon.
You visited 1 branch of the dungeon, and saw 4 of its levels.

You collected 183 gold pieces.


Innate Abilities, Weirdness & Mutations

You are very small and have problems with some larger weapons.
You are too small for most types of armour.
You have supernaturally acute eyesight. (SInv)
You cover ground extremely quickly. (Speed+++)


   Skills:
 - Level 2.0 Fighting
 + Level 6.2 Ranged Weapons
 - Level 6.2 Dodging
 - Level 1.5 Stealth


You had 5 spell levels left.
You didn't know any spells.
Your spell library was empty.

Inventory:

Hand Weapons
 a - a +2 shortbow (weapon)
Armour
 c - a +0 robe (worn)
 g - a +1 cloak (worn)
Scrolls
 d - a scroll of identify
Potions
 b - a potion of enlightenment {unknown}
 e - 3 potions of curing
 f - a potion of magic {unknown}
 h - a potion of mutation {unknown}
 j - a potion of resistance {unknown}

Dungeon Overview and Level Annotations

Branches:
Dungeon (4/15)
 Temple: D:4-7

Altars:


Message History

The iguana misses you.
You shoot an arrow. The arrow hits the iguana!
You kill the iguana!
The orc priest mumbles some strange prayers to Beogh against you.
The orc wizard writhes in agony!
You shoot an arrow. The arrow barely misses the orc wizard.
The orc wizard points at you and mumbles some strange words.
The magic dart hits you! The kobold misses you.
The orc wizard points at you and mumbles some strange words.
The magic dart hits you.
You shoot an arrow.
The arrow hits the orc wizard but does no damage.
The orc wizard is heavily wounded.
The kobold closely misses you. The orc wizard casts a spell at you.
The magic dart hits you but does no damage.
You shoot an arrow.
The arrow closely misses the orc wizard.
The kobold completely misses you. The orc wizard closely misses you.
You shoot an arrow.
The arrow hits the orc wizard but does no damage.
The orc wizard is moderately wounded.
The kobold hits you but does no damage.
The orc priest begins to cast a cantrip, but forgets the words!
The orc wizard misses you.
You shoot an arrow. The arrow hits the orc wizard!
The orc wizard is almost dead.
The kobold misses you.
The orc wizard hits you with a +0 dagger.
You shoot an arrow. The arrow hits the orc wizard!
You kill the orc wizard!
The kobold barely misses you.
The orc priest looks encouraged for a moment.
You shoot an arrow. The arrow closely misses the kobold.
The kobold misses you.
You shoot an arrow. The arrow barely misses the orc priest.
The kobold completely misses you.
The orc priest mumbles some strange prayers to Beogh against you.
Beogh smites you!
You die...

. #. .....# #.#. #.##.......#
..).# ..##..<..... .
#.(....#.##........ >.# # # .
..=.#.#............# #...## # ..#
.......##.#........##.....
##.#.#.#.##.#.##.............. ..
...#..........)oK.............##.
##.#.#.##.###.##@.#..............
##................# ...........
##.#.##.###.####..... ..........
##.#.##.###.####.###.# ..........
.................# # .........#
...#.....)#.....## ........##
...#....%.......... .......<.#
..............#.... .........#
....#........####.. ....###..#


You could see an orc priest and a kobold.

Vanquished Creatures
  2 ogres (D:4)
  An orc wizard (D:4)
  An iguana (D:4)
  A sleepcap (D:4)
  5 adders
  2 dart slugs
  An orc (D:4)
  5 ball pythons
  7 endoplasms
  5 giant cockroaches
  A goblin (D:1)
  10 hobgoblins
  2 jackals (D:1)
  5 kobolds
  3 quokkas
  9 bats
  A frilled lizard (D:1)
  3 rats
64 creatures vanquished.

Vanquished Creatures (others)
  An orc wizard (D:4)
1 creature vanquished.

Grand Total: 65 creatures vanquished

Notes
Turn   | Place    | Note
-------+----------+-------------------------------------------
     0 | D:1      | qw the Spriggan Hunter began the quest for the Orb.
     0 | D:1      | Reached XP level 1. HP: 10/10 MP: 2/2
     0 | D:1      | 0 ||| qw: Version: 0.3-a-155-g5e7d8dd
     0 | D:1      | 0 ||| qw: Game counter: 2406
     0 | D:1      | 0 ||| qw: Melee chars always use a shield: true
     0 | D:1      | 0 ||| qw: God list: Okawaru
     0 | D:1      | 0 ||| qw: Allow faded altars: false
     0 | D:1      | 0 ||| qw: Do Orc after clearing Dungeon:15 true
     0 | D:1      | 0 ||| qw: Do second Lair branch before Depths: true
     0 | D:1      | 0 ||| qw: Lair rune preference: random
     0 | D:1      | 0 ||| qw: Goals: Normal
     0 | D:1      | 0 ||| PLANNING D:1-11
   108 | D:1      | Reached skill level 3 in Dodging
   336 | D:1      | Reached XP level 2. HP: 14/14 MP: 3/3
  1049 | D:1      | 1049 ||| READING 2 scrolls labelled RATHUOKHLAU.
  1049 | D:1      | 1049 ||| IDENTIFYING 3 viscous black potions
  1050 | D:1      | 1050 ||| READING scroll of identify.
  1050 | D:1      | 1050 ||| IDENTIFYING scroll labelled NIERCH RAROLAUHA
  1051 | D:1      | 1051 ||| READING scroll labelled NUCOSM WIKKA.
  1052 | D:1      | 1052 ||| READING scroll labelled TIPUHI APAKUSA.
  1052 | D:1      | 1052 ||| ENCHANTING +0 shortbow.
  1053 | D:1      | 1053 ||| DROPPING scroll of butterflies.
  1292 | D:2      | Reached XP level 3. HP: 18/18 MP: 4/4
  1770 | D:2      | 1770 ||| UPGRADING to +0 cloak.
  1775 | D:2      | 1775 ||| READING scroll of enchant armour.
  1775 | D:2      | 1775 ||| ENCHANTING +0 cloak.
  1776 | D:2      | 1776 ||| READING scroll labelled RES XUTOABUACI.
  1781 | D:2      | 1781 ||| READING scroll labelled SUCAARICVO.
  1987 | D:3      | HP: 4/18 [poisoned by an adder]
  1989 | D:3      | Reached XP level 4. HP: 4/22 MP: 5/5
  2077 | D:3      | 2077 ||| READING scroll of enchant weapon.
  2077 | D:3      | 2077 ||| ENCHANTING +1 shortbow.
  2527 | D:3      | 2527 ||| DROPPING ring of wizardry.
  2528 | D:3      | 2528 ||| READING scroll labelled SUFOGA CIHIJE.
  2529 | D:3      | 2529 ||| DRINKING 2 glowing pink potions.
  2530 | D:3      | 2530 ||| DROPPING potion of degeneration.
  2612 | D:4      | Noticed an ogre
  2621 | D:4      | HP: 2/22 [ogre/+0 giant club (20)]
  2622 | D:4      | 2622 ||| READING scroll of teleportation.
  2623 | D:4      | Killed an ogre
  2624 | D:4      | Reached skill level 6 in Dodging
  2624 | D:4      | Reached XP level 5. HP: 3/25 MP: 6/6
  2743 | D:4      | HP: 3/25 [sleepcap (6)]
  2849 | D:4      | Noticed an ogre
  2850 | D:4      | 2850 ||| RETREEEEATING.
  2851 | D:4      | 2851 ||| RETREEEEATING.
  2857 | D:4      | Killed an ogre
  2858 | D:4      | Reached XP level 6. HP: 30/30 MP: 7/7
  2868 | D:4      | 2868 ||| RETREEEEATING.
  2869 | D:4      | 2869 ||| RETREEEEATING.
  2870 | D:4      | 2870 ||| RETREEEEATING.
  2871 | D:4      | Reached skill level 6 in Ranged Weapons
  2875 | D:4      | HP: 5/30 [orc wizard/magic dart (3)]
  2882 | D:4      | Killed from afar by an orc priest

Levels and vault maps discovered:
D:1:      dpeg_arrival_central, layout_basic, serial_co_window_serial,
          co_window_of_opportunity_a, co_window_paths_a, co_window_paths_a,
          co_window_paths_a, co_window_paths_a, co_window_of_opportunity_b,
          co_window_corner_b, co_window_corner_b, co_window_paths_c,
          co_window_of_opportunity_b, co_window_4corner_b
D:2:      layout_basic, st_stairs_10
D:3:      layout_loops_ring
D:4:      layout_cave_pools, nzn_wu_jian_council_hall, jmf_multi_god_temple2,
          minmay_temple_entry_antechambers, serial_shops,
          nicolae_shop_real_fake_doors, minmay_diced_spiral, uniq_blork_the_orc,
          uniq_eustachio, uniq_ijyb

Skill      XL: |  1  2  3  4  5  6 |
---------------+-------------------+-----
Dodging        | 3 4 6 |  6.2
Ranged Weapons | 5 6 |  6.2
Fighting       | 2 |  2.0
Stealth        | |  1.5

Action                     |  1- 3 |  4- 6 || total
---------------------------+-------+-------++-------
   Fire: Shortbow          |   107 |    67 ||   174
    Use: Scroll            |     7 |     3 ||    10
         Potion            |       |     1 ||     1
 Armour: Robe              |    15 |    15 ||    30
  Dodge: Dodged            |    31 |    33 ||    64

Table legend:
 A = Non-vault XP
 B = Vault XP
 C = Vault XP percentage of total XP
 D = Non-vault monster count
 E = Vault monster count
 F = Vault count percentage of total count
                 A         B        C        D         E       F
            +---------+---------+-------+---------+---------+-------
      Total |     355 |     179 |  33.5 |      57 |       8 |  12.3
            +---------+---------+-------+---------+---------+-------
        D:1 |      33 |       0 |   0.0 |      18 |       0 |   0.0
        D:2 |      19 |      10 |  34.5 |      11 |       4 |  26.7
        D:3 |      79 |       0 |   0.0 |      17 |       0 |   0.0
        D:4 |     224 |     169 |  43.0 |      11 |       4 |  26.7
            +---------+---------+-------+---------+---------+-------
